 Dungeon Crawl Stone Soup version 0.29.1-12-g30fa7ad0bf (webtiles) character file.

Game seed: 4278256409415495119

959 retardedninja the Trooper (level 7, -4/64 HPs)
             Began as a Minotaur Fighter on Jan 17, 2023.
             Slain by a troll (9 damage)
             ... on level 6 of the Dungeon.
             The game lasted 00:05:20 (5377 turns).

retardedninja the Trooper (Minotaur Fighter)        Turns: 5377, Time: 00:05:21

Health: -4/64      AC: 11    Str: 23    XL:     7   Next: 91%
Magic:  6/6        EV:  9    Int:  5    God:
Gold:   259        SH: 10    Dex:  9    Spells: 6/6 levels left

rFire   . . .      SeeInvis .   a - +2 war axe
rCold   + . .      Faith    .   c - +0 buckler
rNeg    . . .      Spirit   .   b - +0 scale mail
rPois   .          Reflect  +   (helmet restricted)
rElec   .          Harm     .   e - +2 cloak
rCorr   .          Rampage  .   (no gloves)
Will    .....                   (no boots)
Stlth   ..........              p - amulet of reflection
HPRegen 0.20/turn               k - ring of protection from cold
MPRegen 0.10/turn               (no ring)

@: mighty
A: horns 2, retaliatory headbutt
a: no special abilities


You were on level 6 of the Dungeon.
You visited 1 branch of the dungeon, and saw 6 of its levels.

You collected 259 gold pieces.

Inventory:

Hand Weapons
 a - a +2 war axe (weapon)
Missiles
 j - a throwing net (quivered)
Armour
 b - a +0 scale mail (worn)
 c - a +0 buckler (worn)
 e - a +2 cloak (worn)
Jewellery
 k - a ring of protection from cold (left hand)
 n - an amulet of the acrobat
 p - an amulet of reflection (around neck)
Wands
 d - a wand of iceblast (9)
Scrolls
 f - a scroll of vulnerability
 g - 2 scrolls of teleportation
 i - 2 scrolls of fear
 m - a scroll of blinking {unknown}
 q - 2 scrolls of identify
 r - a scroll of summoning {unknown}
 s - a scroll of poison {unknown}
Potions
 h - a potion of might
 l - 2 potions of flight
 t - a potion of attraction


   Skills:
 + Level 6.5 Fighting
 + Level 5.9 Axes
 + Level 6.5 Armour
 + Level 6.5 Shields


You had 6 spell levels left.
You didn't know any spells.
Your spell library contained the following spells:

 Spells                   Type           Power      Damage    Failure   Level
 Apportation              Tloc           0%         N/A       83%         1
 Beastly Appendage        Tmut           0%         N/A       83%         1
 Necrotise                Necr           0%         1d4       83%         1
 Sting                    Tmut/Pois      0%         1d3       83%         1
 Summon Small Mammal      Summ           0%         N/A       83%         1
 Poisonous Vapours        Pois/Air       0%         N/A       93%         2
 Scorch                   Fire           0%         2d5       93%         2
 Wereblood                Tmut           0%         N/A       93%         2
 Spider Form              Tmut/Pois      0%         N/A       99%         3
 Corpse Rot               Necr/Pois/Air  0%         N/A       100%        4
 Dispel Undead            Necr           0%         3d6       100%        4
 Flame Wave               Conj/Fire      0%         2d4       100%        4
 Olgreb's Toxic Radiance  Pois           0%         N/A       100%        4
 Death Channel            Necr           0%         N/A       100%        6
 Summon Cactus Giant      Summ           0%         N/A       100%        6


Dungeon Overview and Level Annotations

Branches:
Dungeon (6/15)
 Temple: D:4-7

Altars:
Ashenzari
Hepliaklqana
Kikubaaqudgha
Vehumet
Wu Jian
Xom


Innate Abilities, Weirdness & Mutations

You have a pair of horns on your head.
You reflexively headbutt those who attack you in melee.


Message History

You start resting.
A troll comes into view.
A troll is nearby!
A troll is nearby!
A troll is nearby!
Found a bronze wand.
A troll is nearby!
The troll bites you but does no damage. The troll barely misses you.
You block the troll's attack.
You closely miss the troll. The troll bites you.
You block the troll's attack. x2
You slash the troll!
The troll is moderately wounded.
The troll bites you. The troll claws you. You block the troll's attack.
The troll bites you but does no damage. The troll completely misses you.
The troll claws you!
You hit the troll.
The troll is moderately wounded.
The troll barely misses you. The troll claws you but does no damage.
The troll claws you!
You closely miss the troll. Your headbutt misses the troll.
The troll is moderately wounded.
The troll barely misses you. You furiously retaliate!
You headbutt the troll. The troll claws you but does no damage.
The troll claws you.
* * * LOW HITPOINT WARNING * * *
You feel better. You block the troll's attack. The troll barely misses you.
The troll claws you.
You feel very mighty all of a sudden. You block the troll's attack.
The troll barely misses you. The troll claws you.
You slash the troll!
The troll is heavily wounded.
You block the troll's attack. x2; The troll completely misses you.
You slash the troll!
The troll is severely wounded.
The troll bites you.
* * * LOW HITPOINT WARNING * * *
You block the troll's attack. The troll claws you!
* * * LOW HITPOINT WARNING * * *
The troll bites you but does no damage. The troll barely misses you.
The troll claws you!
You die...

####.###.#.######.#
.#.....
...........##.....# ....
##.#.###.####.####### ...#
#.#................+ ....#
#.#.#####.##.####### ....#
#.#........#+## ..../#
#.#.#.##...^..######.....#
#.#.#.##.................#
#.#.#..........@T.....#
#.#####.............#
#.#.................#
#.#.........######.....
#.#######...# ......
#..........## ......
#........### .##..
#..........# .# ..
###........#


You could see a troll.

Vanquished Creatures
  Edmund (D:4)
  2 black bears
  An ice beast (D:5)
  A phantom (D:5)
  2 scorpions (D:5)
  A howler monkey (D:5)
  A jelly (D:6)
  3 hounds
  An iguana (D:2)
  2 gnolls (D:1)
  7 adders
  A white imp (D:3)
  A worm (D:3)
  4 dart slugs
  8 orcs
  6 bats
  5 endoplasms
  A giant cockroach (D:3)
  3 goblins
  11 hobgoblins
  5 kobolds
  4 quokkas
  8 ball pythons
  2 frilled lizards
  5 rats
86 creatures vanquished.

Notes
Turn   | Place    | Note
-------+----------+-------------------------------------------
     0 | D:1      | retardedninja the Minotaur Fighter began the quest for the
                  | Orb.
     0 | D:1      | Reached XP level 1. HP: 19/19 MP: 0/0
   128 | D:1      | Reached XP level 2. HP: 20/27 MP: 1/1
   520 | D:1      | Found a faded altar of an unknown god.
   525 | D:1      | Reached XP level 3. HP: 33/33 MP: 2/2
  1084 | D:2      | Reached XP level 4. HP: 41/41 MP: 3/3
  1164 | D:2      | Found a radiant altar of Vehumet.
  2047 | D:3      | Found an ancient bone altar of Kikubaaqudgha.
  2059 | D:3      | Reached XP level 5. HP: 29/47 MP: 4/4
  3571 | D:4      | Reached skill level 5 in Fighting
  3571 | D:4      | Reached skill level 5 in Armour
  3608 | D:4      | Noticed a black bear
  3617 | D:4      | Killed a black bear
  3618 | D:4      | Reached skill level 5 in Shields
  3618 | D:4      | Reached XP level 6. HP: 41/56 MP: 5/5
  3835 | D:4      | Found a hazy altar of Hepliaklqana.
  4006 | D:5      | Entered Level 5 of the Dungeon
  4079 | D:5      | Found a shimmering altar of Xom.
  4083 | D:5      | Noticed Edmund
  4087 | D:5      | Noticed an ice beast
  4109 | D:4      | Killed Edmund
  4341 | D:5      | Killed an ice beast
  4342 | D:5      | Reached skill level 5 in Axes
  4342 | D:5      | Reached XP level 7. HP: 52/62 MP: 6/6
  4445 | D:5      | Found a broken altar of Ashenzari.
  5124 | D:5      | Found an ornate altar of the Wu Jian Council.
  5361 | D:6      | Noticed a troll
  5377 | D:6      | Slain by a troll

Illustrated notes

Levels and vault maps discovered:
D:1:      matt_arrival_diagonals, layout_loops_corners,
          shapermc_ecumenical_altar_starsandcircs
D:2:      layout_basic, basic_altar, minivault_23, st_stairs_4
D:3:      layout_basic, kiku_gazebo_pond_becter
D:4:      layout_loops_corners, nzn_hepliaklqana_mist_gate
D:5:      layout_loops_ring, nicolae_wu_jian_immortal_techniques,
          mainiacjoe_overflow_catwalk_spiral, serial_bayou_pond_e, uniq_edmund
D:6:      layout_basic, minmay_temple_entry_statues, kennysheep_generic_room_13

Skill      XL: |  1  2  3  4  5  6  7 |
---------------+----------------------+-----
Fighting       | 4 5 6 |  6.5
Shields        | 4 5 6 |  6.5
Axes           | 3 4 5 |  5.9
Armour         | 4 5 6 |  6.5

Action                   |  1- 3 |  4- 6 |  7- 9 || total
-------------------------+-------+-------+-------++-------
Melee: War axe           |    58 |   115 |    50 ||   223
       Headbutt          |     9 |    15 |     6 ||    30
Throw: Throwing net      |       |     1 |       ||     1
  Use: Scroll            |       |    12 |       ||    12
       Potion            |       |     3 |     2 ||     5
Armor: Scale mail        |    23 |    49 |    22 ||    94
       Skin              |       |     7 |       ||     7
Dodge: Dodged            |    32 |    57 |    28 ||   117
Block: Buckler           |    13 |    56 |    26 ||    95
